 Dungeon Crawl Stone Soup version 0.16.1-18-g436b03c (webtiles) character file.

196 drasked the Chopper (level 5, -1/48 HPs)
             Began as a Gargoyle Berserker on Apr 28, 2015.
             Was a Priest of Trog.
             Slain by masdan's ghost (3 damage)
             ... on level 3 of the Dungeon.
             The game lasted 00:01:41 (1633 turns).

drasked the Chopper (Gargoyle Berserker)            Turns: 1633, Time: 00:01:42

Health: -1/48      AC: 10    Str: 26    XL:     5   Next: 74%
Magic:  5/5        EV: 11    Int:  8    God:    Trog [***...]
Gold:   0          SH:  0    Dex:  9    Spells: 0 memorised, 4 levels left

rFire  . . .     SeeInvis .     l - +0 war axe
rCold  . . .     Clarity  .     d - +0 ring mail
rNeg   + . .     SustAb   .     (no shield)
rPois  ∞         Gourm    .     (no helmet)
rElec  +         Spirit   .     a - +0 cloak
rCorr  .         Warding  .     (no gloves)
rMut   .         Stasis   .     (no boots)
MR     .....                    (no amulet)
Stlth  ..........               (no ring)
                                (no ring)

@: berserking, very quick, not resistant to hostile enchantments, extremely
unstealthy
A: negative energy resistance 1, electricity resistance, unbreathing,
petrification resistance, rot immunity, AC +4
a: Burn Spellbooks, Berserk, Trog's Hand, Renounce Religion


You were on level 3 of the Dungeon.
You worshipped Trog.
Trog was most pleased with you.
You were not hungry.

You visited 1 branch of the dungeon, and saw 3 of its levels.


Innate Abilities, Weirdness & Mutations

You are resistant to torment.
You are immune to poison.
Your stone body is very resilient (AC +4).
You resist negative energy.
You are resistant to electric shocks.
You can survive without breathing.
You are immune to petrification.
You are immune to rotting.


   Skills:
 - Level 3.2 Fighting
 + Level 5.7 Axes
 - Level 2.1 Armour
 - Level 1.5 Dodging


You had 4 spell levels left.
You didn't know any spells.

Inventory:

Hand weapons
 l - a +0 war axe (weapon)
Missiles
 p - 2 poisoned javelins (quivered)
Armour
 a - a +0 cloak (worn)
 d - a +0 ring mail (worn)
 n - a +0 scale mail
Jewellery
 j - an uncursed amulet of stasis {unknown}
 m - a cursed ring of loudness {unknown}
Magical devices
 o - a wand of fire (7)
Scrolls
 c - 2 scrolls of teleportation
 g - a scroll of immolation {unknown}
 i - 3 scrolls of amnesia {unknown}
 q - a scroll of identify {unknown}
Potions
 e - a potion of might {unknown}
 f - a potion of heal wounds {unknown}
 h - a potion of agility {unknown}
 k - a potion of invisibility {unknown}
Comestibles
 b - 2 meat rations

Dungeon Overview and Level Annotations

Branches:
Dungeon (3/15)

Altars:

Annotations:
D:3 masdan's ghost, average MfTm


Message History

Trog accepts your kill. The gnoll hits you with a halberd!
The gnoll shaman hits you with a club.
Things that are here:
a club; a gnoll corpse You slash the gnoll shaman!
The gnoll shaman is moderately wounded.
You hit the gnoll.
The gnoll is heavily wounded.
The gnoll hits you with a halberd! The gnoll shaman hits you with a club.
1632 ||| INVOKING Berserk.
A red film seems to cover your vision as you go berserk!
You feel yourself moving faster!
You feel mighty!
You feel somewhat more hungry. The gnoll shaman barely misses you.
The gnoll hits you with a halberd.
You barely miss the gnoll.
The gnoll is heavily wounded.
You hit the gnoll shaman but do no damage.
The gnoll shaman is moderately wounded.
You miss masdan's ghost. Masdan's ghost hits you.
You die...

. ######### . ..
.......... #.####.#
######... .........
#....# #......).#
#.#####....# #........#
#..........#
'........##########....#
.#.....ggW#...##...'....#
........@.#...##.###....#
##........#...##.###.....
###.#+#.##...##..<#.###.
# #.!..+...#..........
#.####..%#..........
##.......'..........
##.......#..........
###.#........#..........
.........%.##............


You could see a gnoll shaman, masdan's ghost and a gnoll.

Vanquished Creatures
  An orc priest (D:3)
  A hound (D:3)
  An iguana (D:3)
  2 adders (D:2)
  2 gnolls (D:3)
  3 worms
  8 orcs (D:3)
  A bat (D:3)
  3 giant cockroaches
  6 hobgoblins
  4 kobolds
  A quokka (D:2)
  2 giant geckos (D:3)
  2 giant newts
  6 goblins
  4 rats
47 creatures vanquished.

Notes
Turn   | Place    | Note
--------------------------------------------------------------
     0 | D:1      | drasked, the Gargoyle Berserker, began the quest for the Orb.
     0 | D:1      | Reached XP level 1. HP: 14/14 MP: 1/1
     0 | D:1      | 0 ||| counter = 4
     8 | D:1      | 8 ||| INVOKING Berserk.
    15 | D:1      | Reached skill level 3 in Axes
   106 | D:1      | Reached XP level 2. HP: 19/19 MP: 2/2
   491 | D:1      | 491 ||| UPGRADING to leather armour.
   501 | D:1      | 501 ||| DROPPING +0 animal skin.
   502 | D:1      | 502 ||| READING scroll labeled QEAF NIEDDIX.
   503 | D:1      | 503 ||| READING 2 scrolls labeled GIPLEM STEGUB.
   508 | D:1      | 508 ||| READING scroll labeled PSUGHA VUMALA.
   531 | D:2      | 531 ||| INVOKING Berserk.
   614 | D:2      | 614 ||| EATING bread ration.
   679 | D:2      | Reached XP level 3. HP: 20/23 MP: 3/3
   881 | D:2      | 881 ||| INVOKING Berserk.
   883 | D:2      | Reached skill level 4 in Axes
  1029 | D:2      | Acquired Trog's second power
  1153 | D:2      | 1153 ||| UPGRADING to cloak.
  1158 | D:2      | 1158 ||| UPGRADING to ring mail.
  1168 | D:2      | 1168 ||| DROPPING +0 leather armour.
  1169 | D:2      | 1169 ||| READING scroll labeled FRIOGU HUYMAROXAV.
  1170 | D:2      | 1170 ||| READING scroll labeled CLACLO JUUCOLU.
  1171 | D:2      | 1171 ||| READING scroll labeled CHADIRAC PLIX.
  1193 | D:2      | Reached XP level 4. HP: 28/28 MP: 4/4
  1264 | D:3      | 1264 ||| INVOKING Berserk.
  1329 | D:3      | 1329 ||| EATING slice of pizza.
  1394 | D:3      | Reached skill level 5 in Axes
  1394 | D:3      | Reached XP level 5. HP: 29/32 MP: 5/5
  1429 | D:3      | 1429 ||| UPGRADING to war axe.
  1430 | D:3      | 1430 ||| DROPPING +1 hand axe.
  1628 | D:3      | Noticed masdan's ghost (average MfTm)
  1631 | D:3      | HP: 7/32 [gnoll/halberd (11)]
  1631 | D:3      | HP: 3/32 [gnoll shaman/club (4)]
  1632 | D:3      | 1632 ||| INVOKING Berserk.
  1633 | D:3      | Slain by masdan's ghost

Vault maps used:
D:1:      evilmike_arrival_run_for_it
D:3:      uniq_crazy_yiuf_cottage

Action                   |  1- 3 |  4- 6 || total
-------------------------+-------+-------++-------
Melee: Hand axe          |    70 |    27 ||    97
       War axe           |       |    23 ||    23
Throw: Javelin           |    12 |    16 ||    28
Invok: Berserk           |     3 |     2 ||     5
  Use: Scroll            |     6 |       ||     6
  Eat: Bread ration      |     1 |       ||     1
       Pizza             |       |     1 ||     1
       Chunk             |       |     1 ||     1
